 Dungeon Crawl Stone Soup version 0.28-a0-1117-g0bdd5ba030 (webtiles) character file.

Game seed: 23562703064830223

34 ragingrage the Charlatan (level 3, 0/22 HPs)
             Began as a Gargoyle Artificer on Dec 11, 2021.
             Slain by a black bear (2 damage)
             ... on level 2 of the Dungeon.
             The game lasted 00:03:00 (1632 turns).

ragingrage the Charlatan (Gargoyle Artificer)       Turns: 1632, Time: 00:03:01

Health: 0/22       AC: 13    Str: 15    XL:     3   Next: 31%
Magic:  3/3        EV:  6    Int: 17    God:
Gold:   35         SH:  0    Dex: 12    Spells: 2/2 levels left

rFire   . . .      SeeInvis .   f - +0 long sword
rCold   . . .      Faith    .   (no shield)
rNeg    + . .      Spirit   .   l - +0 chain mail
rPois   ∞          Reflect  .   g - +0 helmet
rElec   +          Harm     .   (no cloak)
rCorr   .          Rampage  .   (no gloves)
Will    .....                   (no boots)
Stlth   ..........              (no amulet)
HPRegen 0.07/turn               i - +6 ring of intelligence
MPRegen 0.08/turn               (no ring)

@: no status effects
A: sickness immunity, AC +3, negative energy resistance 1, electricity
resistance, torment resistance 1, petrification resistance
a: no special abilities


You were on level 2 of the Dungeon.
You visited 1 branch of the dungeon, and saw 2 of its levels.

You collected 35 gold pieces.

Inventory:

Hand Weapons
 f - a +0 long sword (weapon)
Armour
 g - a +0 helmet (worn)
 l - a +0 chain mail (worn)
Jewellery
 i - a +6 ring of intelligence (left hand)
Wands
 c - a wand of flame (13) (quivered)
 d - a wand of charming (11)
Scrolls
 j - a scroll of fear {unknown}
Potions
 a - a potion of heal wounds {unknown}
 h - a potion of lignification {unknown}
 k - a potion of cancellation {unknown}
Miscellaneous
 e - a piece from Xom's chessboard (12/15)


   Skills:
 + Level 2.5 Fighting
 - Level 2.1 Armour
 - Level 0.7 Dodging
 - Level 1.1 Stealth
 + Level 3.3 Evocations


You had 2 spell levels left.
You didn't know any spells.
Your spell library was empty.

Dungeon Overview and Level Annotations

Branches:
Dungeon (2/15)

Altars:


Innate Abilities, Weirdness & Mutations

You are immune to sickness and miasma.
Your stone body is resilient. (AC +3)
You are immune to poison.
You resist negative energy. (rN+)
You are resistant to electric shocks. (rElec)
You are resistant to unholy torment.
You are immune to petrification.


Message History

You make a move on Xom's chessboard...
The black bear resists with significant effort.
The black bear bites you.
The black bear claws you but does no damage. x2
You make a move on Xom's chessboard...
The black bear resists with significant effort.
The black bear bites you.
The black bear claws you but does no damage. x2
Unknown command.
You make a move on Xom's chessboard...
The black bear twists and deforms.
The black bear completely misses you. The black bear claws you.
The black bear claws you but does no damage.
Unknown command.
Aiming: Charm
Press: ? - help, Shift-Dir - straight line, f - black bear
Aim: a black bear (heavily wounded, misshapen and mutated, chance to affect: 62%)
The black bear is charmed.
What are your orders? t - Shout!
Orders for allies: a - Attack new target. p - Attack previous target. r - Retreat! s - Stop attacking. g - Guard the area. f - Follow me.
Anything else - Cancel.
Retreat in which direction?
Press: ? - help, Dir - move target, p - black bear Fall back!
What are your orders? t - Shout!
Orders for allies: a - Attack new target. r - Retreat! s - Stop attacking. g - Guard the area. f - Follow me.
Anything else - Cancel.
You shout for attention!
You start resting.
The black bear is no longer charmed.
The black bear seems to return to its normal shape.
The black bear bites you!
* * * LOW HITPOINT WARNING * * *
The black bear claws you.
You die...

##########
*#############........#
**.....................#
,,,***#..).....h@......##
**#.....######..........#
**#...#** #..........##
*,...,* #...........#
,,#,,,*** ###########.##
,**,*,,,* #### #..####
***,***,* ##..##
##....### *,*
#.######<...## ####...# #
*,* #.....†..##..###
###.#


You could see a black bear.

Vanquished Creatures
  2 ball pythons
  3 bats (D:1)
  An endoplasm (D:2)
  2 giant cockroaches (D:1)
  8 goblins
  2 hobgoblins
  A kobold (D:2)
  2 quokkas
  5 frilled lizards
  3 rats
29 creatures vanquished.

Vanquished Creatures (collateral kills)
  An endoplasm (D:1)
  A hobgoblin (D:1)
2 creatures vanquished.

Vanquished Creatures (others)
  An endoplasm (D:2)
1 creature vanquished.

Grand Total: 32 creatures vanquished

Notes
Turn   | Place    | Note
-------+----------+-------------------------------------------
     0 | D:1      | ragingrage the Gargoyle Artificer began the quest for the
                  | Orb.
     0 | D:1      | Reached XP level 1. HP: 12/12 MP: 1/1
   196 | D:1      | Reached skill level 3 in Evocations
   196 | D:1      | Reached XP level 2. HP: 12/17 MP: 2/2
   495 | D:1      | You fall into a shaft and drop 1 floor!
   514 | D:2      | Noticed a black bear
  1198 | D:1      | Reached XP level 3. HP: 17/21 MP: 3/3
  1632 | D:2      | Slain by a black bear

Illustrated notes

Levels and vault maps discovered:
D:1:      sevenhm_arrival_forest_fort_small_5, layout_rooms, nrook_loot_triangle
D:2:      layout_rooms, basic_altar, serial_shops, nicolae_lakefront_shop,
          uniq_crazy_yiuf_cottage

Skill      XL: |  1  2 |
---------------+-------+-----
Evocations     | 3 |  3.3
Fighting       | 2 |  2.5
Armour         | |  2.1
Dodging        | |  0.7
Stealth        | |  1.1

Action                   || total
-------------------------++-------
Melee: Club              ||    63
       Short sword       ||    32
       Long sword        ||    39
Evoke: Wand              ||     6
       Piece from Xom's  ||     3
  Use: Scroll            ||     3
 Stab: Sleeping          ||     2
Armor: Leather armour    ||    77
       Chain mail        ||    26
Dodge: Dodged            ||   114

Table legend: (Time is in decaauts)
 A = Elapsed time spent in this place.
 B = Non-inter-level travel time spent in this place.
 C = Inter-level travel time spent in this place.
 D = Time resting spent in this place.
 E = Time spent auto-exploring this place.
 F = Levels seen in this place.
 G = Mean time per level.
                   A        B        C        D        E       F      G
               +--------+--------+--------+--------+--------+-----+--------+
         Total |   1672 |   1664 |      8 |    572 |    647 |   2 |  836.0 |
       Dungeon |   1672 |   1664 |      8 |    572 |    647 |   2 |  836.0 |
               +--------+--------+--------+--------+--------+-----+--------+

Top non-repeatable levels by time:
     D:1: 1278 daAuts
     D:2: 393 daAuts
